 Dungeon Crawl Stone Soup version 0.30.1-11-g7821555f0a (webtiles) character file.

Game seed: 7558222385565572808

2042 Janerl the Skirmisher (level 9, -4/74 HPs)
             Began as a Minotaur Hunter on Dec 1, 2023.
             Killed from afar by an acid dragon (21 damage)
             ... with a splash of acid
             ... on level 8 of the Dungeon.
             The game lasted 00:24:06 (6596 turns).

Janerl the Skirmisher (Minotaur Hunter)             Turns: 6596, Time: 00:24:06

Health: -4/74      AC:  2    Str: 24    XL:     9   Next: 4%
Magic:  8/8        EV: 13    Int:  8    God:
Gold:   322        SH:  5    Dex: 14    Spells: 7/8 levels left

rFire   . . .        b - +3 hand axe (flame)
rCold   . . .        (no shield)
rNeg    . . .        c - +0 leather armour
rPois   .            (helmet restricted)
rElec   .            (no cloak)
rCorr   .            B - +0 pair of gloves
SInv    .            j - +1 pair of boots
Will    .....        C - amulet of reflection
Stlth   ++           q - +4 ring of protection
HPRegen 0.32/turn    D - +6 ring of strength
MPRegen 0.11/turn

%: reflection
@: corroded
A: horns 2, retaliatory headbutt
a: no special abilities


You were on level 8 of the Dungeon.
You visited 1 branch of the dungeon, and saw 8 of its levels.

You collected 355 gold pieces.
You spent 33 gold pieces at shops.

Inventory:

Hand Weapons
 a - a +0 shortbow
 b - a +3 hand axe of flaming (weapon)
 m - a +2 dagger of venom
 o - a +1 spear of venom
Missiles
 l - 9 poisoned darts
 v - 7 boomerangs
 H - a throwing net
Armour
 c - a +0 leather armour (worn)
 j - a +1 pair of boots (worn)
 B - a +0 pair of gloves (worn)
 L - a +2 robe of positive energy
Magical Staves
 t - a staff of cold
Jewellery
 q - a +4 ring of protection (left hand)
 C - an amulet of reflection (around neck)
 D - a +6 ring of strength (right hand)
 M - a ring of positive energy
Wands
 I - a wand of roots (4)
Scrolls
 e - 4 scrolls of teleportation
 f - 2 scrolls of immolation
 h - 3 scrolls of blinking {unknown}
 i - a scroll of amnesia {unknown}
 k - 6 scrolls of identify
 n - a scroll of fear {unknown}
 p - a scroll of torment {unknown}
 w - a scroll of butterflies {unknown}
 x - 2 scrolls of enchant armour {unknown}
 y - a scroll of magic mapping {unknown}
 z - a scroll of acquirement {unknown}
 A - 2 scrolls of enchant weapon {unknown}
 G - a scroll of silence {unknown}
 J - 3 scrolls of noise {unknown}
 N - a scroll of vulnerability {unknown}
 O - a scroll of poison {unknown}
Potions
 d - 5 potions of curing
 g - 3 potions of flight
 r - 3 potions of invisibility
 s - 2 potions of attraction {unknown}
 u - 2 potions of heal wounds
 E - a potion of resistance {unknown}
 F - a potion of haste {unknown}
 K - 2 potions of degeneration {unknown}


   Skills:
 + Level 5.3 Fighting
 + Level 6.8 Axes
 + Level 8.8 Ranged Weapons
 + Level 4.0 Armour
 + Level 4.6 Dodging
 + Level 2.5 Stealth
 + Level 2.4 Shields


You had 7 spell levels left.
You knew the following spells:

 Your Spells              Type           Power      Damage    Failure   Level
a - Sting                 Tmut/Pois      0%         1d3       43%         1

Your spell library contained the following spells:

 Spells                   Type           Power      Damage    Failure   Level
 Shock                    Conj/Air       0%         1d3       43%         1
 Ensorcelled Hibernation  Hex/Ice        0%         N/A       58%         2
 Poisonous Vapours        Pois/Air       0%         N/A       58%         2
 Hailstorm                Conj/Ice       0%         3d3       82%         3
 Spider Form              Tmut/Pois      0%         N/A       82%         3
 Anguish                  Hex/Necr       0%         N/A       99%         4
 Ice Form                 Ice/Tmut       0%         N/A       99%         4
 Olgreb's Toxic Radiance  Pois           0%         N/A       99%         4
 Alistair's Intoxication  Tmut/Pois      0%         N/A       100%        5
 Borgnjor's Vile Clutch   Necr/Erth      0%         N/A       100%        5
 Eringya's Noxious Bog    Tmut/Pois      0%         N/A       100%        6
 Simulacrum               Ice/Necr       0%         N/A       100%        6
 Statue Form              Tmut/Erth      0%         N/A       100%        6
 Dragon Form              Tmut           0%         N/A       100%        7


Dungeon Overview and Level Annotations

Branches:
Dungeon (8/15)             Temple (0/1) D:7
   Lair: D:8-11

Altars:
Elyvilon
Fedhas
Hepliaklqana
Makhleb
Qazlal
Ru
Sif Muna
Vehumet
Zin

Shops:
D:1 (   D:2 !

Annotations:
D:4 3 runed translucent doors, Noth1ng's ghost, amateur DgFi
D:5 exclusion: statue
D:6 2 runed translucent doors, SirLogeyBear's ghost, novice HOBe


Innate Abilities, Weirdness & Mutations

You have a pair of horns on your head.
You reflexively headbutt those who attack you in melee.


Message History

Done exploring.
(D) Dungeon (T) Temple
Where to? (Enter - D:7, ? - help)
There is a stone staircase leading down here.
You climb downwards.
Found a leather armour.
Found a stone staircase leading down.
There is a stone staircase leading up here.
An acid dragon comes into view.
The acid dragon roars!
The acid dragon spits acid at you. The splash of acid hits you!
The acid corrodes you!
There is a stone staircase leading down here.
You completely miss the acid dragon. The acid dragon barely misses you.
The acid dragon closely misses you.
You hit the acid dragon. You burn the acid dragon.
The acid dragon is moderately wounded.
The acid dragon bites you!
The acid dragon claws you but does no damage.
You hit the acid dragon. You burn the acid dragon.
The acid dragon is heavily wounded.
You closely miss the acid dragon.
The acid dragon is heavily wounded.
The acid dragon spits acid at you. The splash of acid hits you!!
The acid corrodes you!
You barely miss the acid dragon.
The acid dragon is heavily wounded.
The acid dragon barely misses you. The acid dragon completely misses you.
You hit the acid dragon but do no damage.
The acid dragon is heavily wounded.
The acid dragon bites you. The acid dragon barely misses you.
You closely miss the acid dragon.
The acid dragon is heavily wounded.
The acid dragon spits acid at you. The splash of acid hits you!
* * * LOW HITPOINT WARNING * * *
You barely miss the acid dragon.
The acid dragon is heavily wounded.
The acid dragon spits acid at you. The splash of acid hits you!!
You die...

#..........#
######.#.[.##
##......#
##....##.#
####...#.##.#
#...>.......#
#.###.......##..#
#.........#.# ..#
#####@......# .#
.....?.D......# #
.##...........#
............#.#
.#.#..........# #
.##......... ..
####...... ..
..###.


You could see an acid dragon (catching breath).

Vanquished Creatures
  A steam dragon (D:7)
  An acid dragon (D:6)
  Duvessa (D:6)
  An orc warrior (D:7)
  An ice beast (D:6)
  A black bear (D:4)
  An ogre (D:4)
  A centaur (D:7)
  A kobold brigand (D:7)
  A bullfrog (D:7)
  5 scorpions
  Dowan (D:6)
  4 killer bees (D:6)
  An electric eel (D:6)
  2 howler monkeys
  2 hounds
  A jelly (D:6)
  4 iguanas
  2 orc wizards
  Natasha (thrice) (D:2)
  A sleepcap (D:7)
  4 adders
  A shadow imp (D:6)
  A white imp (D:6)
  2 worms (D:2)
  6 dart slugs
  10 orcs
  4 endoplasms
  3 giant cockroaches
  4 hobgoblins
  6 jackals
  7 quokkas
  6 ball pythons
  3 bats
  A frilled lizard (D:1)
  6 goblins
  7 kobolds
  3 rats
110 creatures vanquished.

Notes
Turn   | Place    | Note
-------+----------+-------------------------------------------
     0 | D:1      | Janerl the Minotaur Hunter began the quest for the Orb.
     0 | D:1      | Reached XP level 1. HP: 18/18 MP: 0/0
   114 | D:1      | Found Hynkeuhi's Weapon Emporium.
   501 | D:1      | Reached XP level 2. HP: 25/25 MP: 1/1
   920 | D:1      | Reached skill level 5 in Ranged Weapons
  1166 | D:2      | Reached skill level 1 in Armour
  1209 | D:2      | Reached XP level 3. HP: 30/30 MP: 2/2
  1388 | D:2      | Found Zeas Tom's Distillery.
  1396 | D:2      | Bought a potion of curing for 33 gold pieces
  1409 | D:2      | Noticed Natasha
  1417 | D:2      | Killed Natasha
  1477 | D:2      | Noticed Natasha
  1486 | D:2      | Killed Natasha
  1487 | D:2      | Reached XP level 4. HP: 17/37 MP: 3/3
  1626 | D:2      | Noticed Natasha
  1634 | D:2      | Killed Natasha
  1635 | D:2      | Reached skill level 6 in Ranged Weapons
  1635 | D:2      | Reached skill level 1 in Stealth
  2030 | D:2      | Found a blossoming altar of Fedhas.
  2720 | D:4      | Noticed an ogre
  2727 | D:4      | Killed an ogre
  2728 | D:4      | Reached skill level 1 in Axes
  2728 | D:4      | Reached XP level 5. HP: 10/45 MP: 4/4
  2901 | D:4      | Found a sacrificial altar of Ru.
  2982 | D:4      | Reached skill level 7 in Ranged Weapons
  2982 | D:4      | Reached XP level 6. HP: 51/51 MP: 5/5
  3093 | D:4      | Found a runed translucent gate.
  3095 | D:4      | Found a runed translucent gate.
  3101 | D:4      | Noticed Noth1ng's ghost (amateur DgFi)
  3103 | D:4      | Found a runed translucent gate.
  3456 | D:4      | Found a burning altar of Makhleb.
  3552 | D:5      | Entered Level 5 of the Dungeon
  3698 | D:5      | Found a glowing silver altar of Zin.
  3732 | D:5      | Reached XP level 7. HP: 56/58 MP: 6/6
  4136 | D:5      | Found a radiant altar of Vehumet.
  4593 | D:6      | Reached skill level 8 in Ranged Weapons
  4842 | D:6      | Found a runed translucent door.
  4843 | D:6      | Noticed SirLogeyBear's ghost (novice HOBe)
  4996 | D:6      | Reached XP level 8. HP: 66/66 MP: 7/7
  4999 | D:6      | Noticed Duvessa
  5001 | D:6      | Noticed Dowan
  5024 | D:6      | Killed Duvessa
  5025 | D:6      | Reached skill level 1 in Shields
  5027 | D:6      | Killed Dowan
  5177 | D:6      | Reached skill level 5 in Axes
  5240 | D:6      | Learned a level 1 spell: Sting
  5510 | D:6      | Found a runed translucent door.
  5645 | D:7      | Found a hazy altar of Hepliaklqana.
  5668 | D:7      | Reached skill level 5 in Fighting
  5716 | D:7      | Found a stormy altar of Qazlal.
  5742 | D:7      | Found a white marble altar of Elyvilon.
  5776 | D:7      | Got the Almanac of Glowing Striking
  5798 | D:7      | Reached XP level 9. HP: 50/74 MP: 8/8
  6172 | D:7      | Found a staircase to the Ecumenical Temple.
  6382 | D:7      | Found a shimmering blue altar of Sif Muna.
  6596 | D:8      | Killed from afar by an acid dragon

Illustrated notes

Levels and vault maps discovered:
D:1:      psy_arrival_heroes, layout_basic, serial_shops, shop_coins,
          minmay_strange_pillars
D:2:      layout_basic, basic_altar, serial_shops, shop, uniq_natasha
D:3:      layout_basic, supply_closet_lemuel
D:4:      layout_rooms, mainiacjoe_overflow_brackets,
          nicolae_ru_great_annihilating_truth, gammafunk_ghost_nasty_kobolds,
          minmay_diced_spiral
D:5:      layout_basic, vehumet_statue, mainiacjoe_overflow_alcove_4,
          minmay_misc_feat_pillars
D:6:      nicolae_cairo_tiling_large, layout_basic, ebering_ghost_sewer_f,
          nrook_pool_corridor, minmay_fractal_squares_gapless_5, uniq_duvessa
D:7:      kennysheep_spiral_hall, layout_basic, kennysheep_little_box,
          overflow_temple_1_default, lemuel_blue_sif_altar,
          mainiacjoe_overflow_24_doors, temple_hall
D:8:      cheibrodos_shockbox, layout_loops_ring,
          mainiacjoe_overflow_six_doors_small, kennysheep_mini,
          hellmonk_lair_entry_icy, minmay_misc_feat_ornament

Skill      XL: |  1  2  3  4  5  6  7  8 |
---------------+-------------------------+-----
Ranged Weapons | 5 6 7 8 |  8.8
Armour         | 1 2 3 4 |  4.0
Stealth        | 1 2 |  2.5
Fighting       | 3 4 5 |  5.3
Axes           | 1 2 4 6 |  6.8
Dodging        | 3 4 |  4.6
Shields        | 2 |  2.4

Action                     |  1- 3 |  4- 6 |  7- 9 || total
---------------------------+-------+-------+-------++-------
  Melee: Hand axe          |    25 |    52 |   115 ||   192
         Headbutt          |     3 |     4 |    18 ||    25
         Punch             |       |     1 |       ||     1
   Fire: Shortbow          |    50 |    50 |    39 ||   139
    Use: Scroll            |       |       |     3 ||     3
         Potion            |       |       |     2 ||     2
   Stab: Paralysed         |       |     1 |       ||     1
         Distracted        |       |       |     1 ||     1
         Sleeping          |       |       |     1 ||     1
 Armour: Leather armour    |     2 |    34 |    48 ||    84
  Dodge: Dodged            |    20 |    41 |    84 ||   145
  Block: Other             |       |     1 |    26 ||    27
         Reflection        |       |     1 |       ||     1
